SAL
HICKORY CRAWDADS @ DELMARVA SHOREBIRDS
09/12/2080
 
TOP OF THE 1ST
Hickory Crawdads batting - Pitching for Delmarva Shorebirds : RHP Rene Soltero
Pitching: RHP Rene Soltero
Batting: LHB Jeff Lauinger 0-0: Foul Ball, location: 2F
0-1: Foul Ball, location: 2F
0-2: Ball
1-2: Fly out, F7 (Flyball, 7, EV 89.4 MPH)
Batting: LHB Victor Minas 0-0: Foul Ball, location: 2F
0-1: Ball
1-1: Ball
2-1: Foul Ball, location: 2F
2-2: Ground out 4-3 (Groundball, 4, EV 82.5 MPH)
Batting: RHB Tade Rozema 0-0: Called Strike
0-1: Swinging Strike
0-2: Strikes out swinging
Top of the 1st over - 0 runs, 0 hits, 0 errors, 0 left on base; Hickory 0 - Delmarva 0
BOTTOM OF THE 1ST
Delmarva Shorebirds batting - Pitching for Hickory Crawdads : RHP Marçal Barbarino
Pitching: RHP Marçal Barbarino
Batting: RHB Luis Reyes 0-0: Called Strike
0-1: Fly out, F9 (Flyball, 9, EV 83.1 MPH)
Batting: RHB Ryan Snodgrass 0-0: Called Strike
0-1: Ball
1-1: Ball
2-1: Called Strike
2-2: Strikes out swinging
Batting: RHB Phil Korinek 0-0: Ball
1-0: Ball
2-0: Called Strike
2-1: Fly out, F9 (Flyball, 9LMF, EV 88.1 MPH)
Bottom of the 1st over - 0 runs, 0 hits, 0 errors, 0 left on base; Hickory 0 - Delmarva 0
TOP OF THE 2ND
Hickory Crawdads batting - Pitching for Delmarva Shorebirds : RHP Rene Soltero
Batting: LHB Danny Pineda 0-0: Ball
1-0: Called Strike
1-1: Ball
2-1: SOLO HOME RUN (Line Drive, 78XD, EV 111.9 MPH), Distance : 408 ft
Batting: RHB Curt Murray 0-0: Ball
1-0: Called Strike
1-1: Ground out 4-3 (Groundball, 4, EV 86.2 MPH)
Batting: RHB Nick McElroy 0-0: Called Strike
0-1: Swinging Strike
0-2: Ball
1-2: Ball
2-2: Ball
3-2: Base on Balls
Batting: LHB Daniel Buchleitner 0-0: Fielders Choice at 2nd, 6-4 (Groundball, 6, EV 87.5 MPH)
Batting: RHB Chris Tilghman 0-0: Ball
1-0: Fly out, F9 (Flyball, 89M, EV 85.6 MPH)
Top of the 2nd over - 1 run, 1 hit, 0 errors, 1 left on base; Hickory 1 - Delmarva 0
BOTTOM OF THE 2ND
Delmarva Shorebirds batting - Pitching for Hickory Crawdads : RHP Marçal Barbarino
Batting: LHB Brad Evans 0-0: Ball
1-0: Ball
2-0: Fly out, F9 (Line Drive, 89S, EV 101.2 MPH)
Batting: RHB Travis Spaugh 0-0: SINGLE (Groundball, 34D, EV 100.0 MPH)
Batting: SHB Carlos Llano 0-0: Fly out, F9 (Flyball, 9, EV 86.9 MPH)
Batting: RHB Jose Gonzales Pickoff Play to 1st, Runner tries for 2nd, OUT after rundown.
Bottom of the 2nd over - 0 runs, 1 hit, 0 errors, 0 left on base; Hickory 1 - Delmarva 0
TOP OF THE 3RD
Hickory Crawdads batting - Pitching for Delmarva Shorebirds : RHP Rene Soltero
Batting: RHB Jon Cook 0-0: Fly out, F7 (Flyball, 7S, EV 85.6 MPH)
Batting: LHB Jeff Lauinger 0-0: Called Strike
0-1: Ball
1-1: Ball
2-1: Ground out U3 (Groundball, 3, EV 86.9 MPH)
Batting: LHB Victor Minas 0-0: Fly out, F9 (Flyball, 9, EV 84.4 MPH)
Top of the 3rd over - 0 runs, 0 hits, 0 errors, 0 left on base; Hickory 1 - Delmarva 0
BOTTOM OF THE 3RD
Delmarva Shorebirds batting - Pitching for Hickory Crawdads : RHP Marçal Barbarino
Batting: RHB Jose Gonzales 0-0: Foul Ball, location: 2F
0-1: Ball
1-1: Fly out, F8 (Flyball, 8RM, EV 88.8 MPH)
Batting: RHB Cherles Manhanas 0-0: Foul Ball, location: 2F
0-1: Called Strike
0-2: Ball
1-2: Ball
2-2: Ball
3-2: Fly out, F8 (Line Drive, 8LM, EV 98.8 MPH)
Batting: RHB Chris Godby 0-0: Ball
1-0: Swinging Strike
1-1: Ball
2-1: Foul Ball, location: 2F
2-2: Foul Ball, location: 2F
2-2: Foul Ball, location: 2F
2-2: Foul Ball, location: 2F
2-2: Foul Ball, location: 2F
2-2: Foul Ball, location: 2F
2-2: Foul Ball, location: 2F
2-2: Fly out, F9 (Flyball, 89M, EV 91.2 MPH)
Bottom of the 3rd over - 0 runs, 0 hits, 0 errors, 0 left on base; Hickory 1 - Delmarva 0
TOP OF THE 4TH
Hickory Crawdads batting - Pitching for Delmarva Shorebirds : RHP Rene Soltero
Batting: RHB Tade Rozema 0-0: Ball
1-0: Called Strike
1-1: Ball
2-1: Called Strike
2-2: Ground out 6-3 (Groundball, 6, EV 78.1 MPH)
Batting: LHB Danny Pineda 0-0: Called Strike
0-1: Ball
1-1: Called Strike
1-2: Ball
2-2: SINGLE (Line Drive, 4D, EV 97.5 MPH)
Batting: RHB Curt Murray 0-0: Ball
1-0: Ball
2-0: Swinging Strike
2-1: Ball
3-1: Foul Ball, location: 2F
3-2: Foul Ball, location: 2F
3-2: Foul Ball, location: 2F
3-2: Base on Balls
Danny Pineda to second
Batting: RHB Nick McElroy 0-0: Ball
1-0: Called Strike
1-1: Hit by Pitch
Danny Pineda to third
Curt Murray to second
Batting: LHB Daniel Buchleitner 0-0: Fly out, F6 (Line Drive, 6, EV 67.5 MPH)
Batting: RHB Chris Tilghman 0-0: Ball
Wild Pitch!
Danny Pineda scores
Curt Murray to third
Nick McElroy to second
1-0: Ball
2-0: Ground out 4-3 (Groundball, 4, EV 88.1 MPH)
Top of the 4th over - 1 run, 1 hit, 0 errors, 2 left on base; Hickory 2 - Delmarva 0
BOTTOM OF THE 4TH
Delmarva Shorebirds batting - Pitching for Hickory Crawdads : RHP Marçal Barbarino
Batting: RHB Luis Reyes 0-0: Ball
1-0: Foul Ball, location: 2F
1-1: SINGLE (Line Drive, 4D, EV 106.2 MPH)
Batting: RHB Ryan Snodgrass 0-0: Ball
Luis Reyes is caught stealing 2nd base 2-4
1-0: DOUBLE (Flyball, 89D, EV 113.1 MPH)
Batting: RHB Phil Korinek 0-0: Ball
1-0: Swinging Strike
1-1: Swinging Strike
1-2: Ball
Wild Pitch!
Ryan Snodgrass to third
2-2: Ball
3-2: Fly out, F9 (Flyball, 9LD, EV 90.6 MPH)
Runner from 3rd tags up, SCORES, no throw by RF
Batting: LHB Brad Evans 0-0: Ball
1-0: Fly out, F3 (Line Drive, 3, EV 75.6 MPH)
Bottom of the 4th over - 1 run, 2 hits, 0 errors, 0 left on base; Hickory 2 - Delmarva 1
TOP OF THE 5TH
Hickory Crawdads batting - Pitching for Delmarva Shorebirds : RHP Rene Soltero
Batting: RHB Jon Cook 0-0: Foul Ball, location: 2F
0-1: Swinging Strike
0-2: Foul Ball, location: 2F
0-2: Ball
1-2: Strikes out swinging
Batting: LHB Jeff Lauinger 0-0: Ball
1-0: Ball
2-0: Called Strike
2-1: Fly out, F4 (Line Drive, 4, EV 63.8 MPH)
Batting: LHB Victor Minas 0-0: Ground out 1-3 (Groundball, 15S, EV 71.9 MPH)
Top of the 5th over - 0 runs, 0 hits, 0 errors, 0 left on base; Hickory 2 - Delmarva 1
BOTTOM OF THE 5TH
Delmarva Shorebirds batting - Pitching for Hickory Crawdads : RHP Marçal Barbarino
Batting: RHB Travis Spaugh 0-0: Ball
1-0: Foul Ball, location: 2F
1-1: Called Strike
1-2: Strikes out looking
Batting: SHB Carlos Llano 0-0: Called Strike
0-1: Ball
1-1: SINGLE (Flyball, 4D, EV 86.2 MPH)
Batting: RHB Jose Gonzales 0-0: Swinging Strike
0-1: Foul Ball, location: 2F
0-2: Ball
1-2: Ball
2-2: Strikes out swinging
Batting: RHB Cherles Manhanas 0-0: SINGLE (Groundball, 56D, EV 96.9 MPH)
Carlos Llano to second
Runner from 2nd tries for 3rd, SAFE, throw by LF made to third
Cherles Manhanas to second
Batting: RHB Chris Godby 0-0: Foul Ball, location: 2F
0-1: Ball
1-1: Foul Ball, location: 2F
1-2: Ball
2-2: Ball
3-2: Fly out, F8 (Flyball, 8LD, EV 91.2 MPH)
Bottom of the 5th over - 0 runs, 2 hits, 0 errors, 2 left on base; Hickory 2 - Delmarva 1
TOP OF THE 6TH
Hickory Crawdads batting - Pitching for Delmarva Shorebirds : RHP Rene Soltero
Batting: RHB Tade Rozema 0-0: Ball
1-0: Swinging Strike
1-1: Ground out 6-3 (Groundball, 6, EV 90.6 MPH)
Batting: LHB Danny Pineda 0-0: SINGLE (Groundball, 3D, EV 98.1 MPH)
Batting: RHB Curt Murray 0-0: Ball
Danny Pineda is caught stealing 2nd base 2-4
1-0: Swinging Strike
1-1: Called Strike
1-2: Ball
2-2: Ground out 3-1 (Groundball, 34, EV 94.4 MPH)
Top of the 6th over - 0 runs, 1 hit, 0 errors, 0 left on base; Hickory 2 - Delmarva 1
BOTTOM OF THE 6TH
Delmarva Shorebirds batting - Pitching for Hickory Crawdads : RHP Marçal Barbarino
Batting: RHB Luis Reyes 0-0: Ball
1-0: Foul Ball, location: 2F
1-1: Ball
2-1: Ground out 5-3 (Groundball, 56S, EV 71.9 MPH)
Batting: RHB Ryan Snodgrass 0-0: Ball
1-0: Ball
2-0: Ball
3-0: Called Strike
3-1: Called Strike
3-2: Foul Ball, location: 2F
3-2: Foul Ball, location: 2F
3-2: Strikes out looking
Batting: RHB Phil Korinek 0-0: Ball
1-0: Ball
2-0: Foul Ball, location: 2F
2-1: Ball
3-1: Base on Balls
Batting: LHB Brad Evans 0-0: Called Strike
0-1: Called Strike
0-2: Strikes out looking
Bottom of the 6th over - 0 runs, 0 hits, 0 errors, 1 left on base; Hickory 2 - Delmarva 1
TOP OF THE 7TH
Hickory Crawdads batting - Pitching for Delmarva Shorebirds : RHP Rene Soltero
Batting: LHB Elliott Rhoades 0-0: Called Strike
0-1: Called Strike
0-2: Ball
1-2: Ground out 1-3 (Groundball, 13S, EV 68.1 MPH)
Batting: LHB Daniel Buchleitner 0-0: Ball
1-0: Foul Ball, location: 2F
1-1: SINGLE (Groundball, 6D, EV 95.0 MPH)
Batting: RHB Chris Tilghman 0-0: Ball
1-0: Ball
Daniel Buchleitner steals 2nd base
2-0: Ground out U3 (Groundball, 3L, EV 76.9 MPH)
Daniel Buchleitner to third
Batting: RHB Jon Cook 0-0: Ball
1-0: Called Strike
1-1: Ball
2-1: Fly out, F9 (Flyball, 89M, EV 82.5 MPH)
Top of the 7th over - 0 runs, 1 hit, 0 errors, 1 left on base; Hickory 2 - Delmarva 1
BOTTOM OF THE 7TH
Delmarva Shorebirds batting - Pitching for Hickory Crawdads : RHP Marçal Barbarino
Batting: RHB Travis Spaugh 0-0: Swinging Strike
0-1: Foul Ball, location: 2F
0-2: Ball
1-2: Strikes out swinging
Batting: SHB Carlos Llano 0-0: Ball
1-0: Ball
2-0: Ball
3-0: Ground out 4-3 (Groundball, 4M, EV 82.5 MPH)
Batting: RHB Jose Gonzales 0-0: DOUBLE (Line Drive, 7LS, EV 100.0 MPH)
Pinch Hitting: LHB Terry Paul 0-0: Ball
Wild Pitch!
Jose Gonzales to third
1-0: Ball
2-0: Foul Ball, location: 2F
2-1: Foul Ball, location: 2F
2-2: Foul Ball, location: 2F
2-2: Strikes out swinging
Bottom of the 7th over - 0 runs, 1 hit, 0 errors, 1 left on base; Hickory 2 - Delmarva 1
TOP OF THE 8TH
Hickory Crawdads batting - Pitching for Delmarva Shorebirds : RHP Rene Soltero
Now at 2B: Jesus Aragon
Batting: LHB Jeff Lauinger 0-0: Ball
1-0: SINGLE (Line Drive, 56D, EV 96.2 MPH)
Batting: LHB Victor Minas 0-0: Bunt missed!
0-1: Sac Bunt to 13 - play at first, batter OUT! 1-3
Jeff Lauinger to second
Pitching: RHP Bill Franco
Batting: RHB Tade Rozema 0-0: Called Strike
0-1: Ball
1-1: Ball
2-1: Swinging Strike
2-2: Strikes out swinging
Batting: LHB Danny Pineda 0-0: Swinging Strike
0-1: Called Strike
0-2: Ball
1-2: Ball
2-2: Strikes out swinging
Top of the 8th over - 0 runs, 1 hit, 0 errors, 1 left on base; Hickory 2 - Delmarva 1
BOTTOM OF THE 8TH
Delmarva Shorebirds batting - Pitching for Hickory Crawdads : RHP Marçal Barbarino
Batting: RHB Chris Godby 0-0: Ball
1-0: Ball
2-0: Called Strike
2-1: Swinging Strike
2-2: Strikes out swinging
Pitching: RHP Chad Hofmann
Batting: RHB Luis Reyes 0-0: Called Strike
0-1: Foul Ball, location: 2F
0-2: Strikes out swinging
Pinch Hitting: LHB Justin Gregory 0-0: Called Strike
0-1: Ball
1-1: Called Strike
1-2: Ball
2-2: Strikes out swinging
Bottom of the 8th over - 0 runs, 0 hits, 0 errors, 0 left on base; Hickory 2 - Delmarva 1
TOP OF THE 9TH
Hickory Crawdads batting - Pitching for Delmarva Shorebirds : RHP Bill Franco
Pitching: RHP Michael Sessoms
Now at 2B: Scott Shortt
Now at SS: Jesus Aragon
Batting: RHB Curt Murray 0-0: Ball
1-0: Called Strike
1-1: Ball
2-1: SINGLE (Flyball, 34D, EV 88.8 MPH)
Batting: LHB Elliott Rhoades 0-0: Called Strike
0-1: Swinging Strike
0-2: Ball
1-2: Ball
2-2: Ball
3-2: Strikes out swinging
Batting: LHB Daniel Buchleitner 0-0: Foul Ball, location: 2F
0-1: Ball
1-1: Foul Ball, location: 2F
1-2: Hit by Pitch
Curt Murray to second
Pinch Hitting: LHB Tim Hoffman 0-0: Foul Ball, location: 2F
0-1: Ball
1-1: Swinging Strike
1-2: Strikes out swinging
Batting: RHB Jon Cook 0-0: Called Strike
0-1: Ball
1-1: Foul Ball, location: 2F
1-2: Foul Ball, location: 2F
1-2: Ball
2-2: Ball
3-2: SINGLE (Groundball, 6D, EV 100.0 MPH)
Curt Murray to third
Daniel Buchleitner to second
Curt Murray scores
Daniel Buchleitner to third
Batting: LHB Jeff Lauinger 0-0: Ball
1-0: Ground out U3 (Groundball, 34S, EV 84.4 MPH)
Top of the 9th over - 1 run, 2 hits, 0 errors, 2 left on base; Hickory 3 - Delmarva 1
BOTTOM OF THE 9TH
Delmarva Shorebirds batting - Pitching for Hickory Crawdads : RHP Chad Hofmann
Pitching: LHP Carlos Bertot
Now at 3B: Jason Neuman
Batting: RHB Phil Korinek 0-0: Ball
1-0: Ball
2-0: Called Strike
2-1: Ball
3-1: Swinging Strike
3-2: Base on Balls
Pinch Hitting: RHB Sam Wood 0-0: Ball
1-0: Called Strike
1-1: Ball
2-1: Called Strike
2-2: Ball
3-2: Fly out, F7 (Flyball, 7, EV 95.6 MPH)
Batting: RHB Travis Spaugh 0-0: Ball
1-0: Ball
2-0: Fly out, F3 (Popup, 3F, EV 80.6 MPH)
Pinch Hitting: RHB Roberto Gutierrez 0-0: Swinging Strike
0-1: Fly out, F9 (Line Drive, 9, EV 98.8 MPH)
Bottom of the 9th over - 0 runs, 0 hits, 0 errors, 1 left on base; Hickory 3 - Delmarva 1
Wednesday, July 27th , 2022 - OOTP Baseball 23.5 Build 73